3201 views
Uploaded 2019-12-01 20:42:55
Game version 1.32.0.2 / 1.32.0.2.1
24:18 long 4on4 ladder game on (8)MarketSquare
Saved by BEARAND
3201 views
Uploaded 2019-12-01 20:42:55
Game version 1.32.0.2 / 1.32.0.2.1
24:18 long 4on4 ladder game on (8)MarketSquare


185 units @ 26.4k
/ 2.9k
112 buildings @ 14.9k
/ 7.2k

| Potion of Healing | 1 | 150 |
| Boots of Speed | 1 | 250 |
| total: | 2 | 400g |
| Acolyte | 7 | 525 | / | 0 |
| Ghoul | 23 | 2760 | / | 0 |
| Crypt Fiend | 2 | 430 | / | 80 |
| Banshee | 2 | 310 | / | 60 |
| Necromancer | 3 | 435 | / | 60 |
| Obsidian Statue | 1 | 200 | / | 35 |
| Meat Wagon | 4 | 920 | / | 200 |
| Frost Wyrm | 3 | 1155 | / | 360 |
| Gargoyle | 6 | 1050 | / | 180 |
| total: | 51 | 7785g | / | 975w |
| Spirit Tower | 3 | 435 | / | 120 |
| Altar of Darkness | 1 | 180 | / | 50 |
| Ziggurat | 12 | 1800 | / | 600 |
| Crypt | 1 | 200 | / | 50 |
| Graveyard | 1 | 215 | / | 0 |
| Tomb of Relics | 1 | 130 | / | 30 |
| Necropolis | 1 | 225 | / | 0 |
| Temple of the Damned | 1 | 155 | / | 140 |
| Sacrificial Pit | 1 | 75 | / | 150 |
| Slaughterhouse | 1 | 140 | / | 135 |
| Boneyard | 1 | 175 | / | 200 |
| Halls of the Dead | 1 | 320 | / | 210 |
| Black Citadel | 1 | 325 | / | 230 |
| total: | 21 | 3295g | / | 1355w |
| 0:09 | Altar of Darkness |
| 0:13 | Ziggurat |
| 0:18 | Crypt |
| 0:30 | Acolyte |
| 0:42 | Acolyte |
| 1:22 | Ziggurat |
| 1:25 | Ghoul |
| 1:49 | Ghoul |
| 1:49 | Ghoul |
| 1:52 | Ghoul |
| 2:26 | Ghoul |
| 2:26 | Ghoul |
| 2:26 | Ghoul |
| 2:42 | Ghoul |
| 3:00 | Frost Arrows |
| 3:21 | Halls of the Dead |
| 4:12 | Ghoul |
| 4:12 | Ghoul |
| 4:12 | Ghoul |
| 4:17 | Ziggurat |
| 4:25 | Graveyard |
| 5:14 | Ghoul |
| 5:15 | Ghoul |
| 5:15 | Ghoul |
| 5:28 | Forked Lightning |
| 5:44 | Tomb of Relics |
| 6:09 | Temple of the Damned |
| 6:18 | Sacrificial Pit |
| 6:23 | Ziggurat |
| 6:32 | Crypt Fiend |
| 7:35 | Banshee |
| 7:35 | Banshee |
| 7:47 | Spirit Tower |
| 7:55 | Crypt Fiend |
| 8:07 | Necromancer |
| 9:07 | Boots of Speed |
| 9:34 | Potion of Healing |
| 9:38 | Necromancer |
| 9:38 | Necromancer |
| 9:53 | Ghoul |
| 9:53 | Ghoul |
| 9:53 | Ghoul |
| 10:09 | Forked Lightning |
| 11:14 | Ziggurat |
| 11:15 | Ziggurat |
| 11:18 | Ziggurat |
| 11:21 | Ziggurat |
| 11:32 | Unholy Strength |
| 12:11 | Black Citadel |
| 13:27 | Necropolis |
| 14:48 | Boneyard |
| 14:50 | Slaughterhouse |
| 14:56 | Improved Unholy Strength |
| 15:01 | Creature Attack |
| 15:23 | Ziggurat |
| 15:23 | Ziggurat |
| 15:24 | Ziggurat |
| 15:27 | Ziggurat |
| 15:29 | Acolyte |
| 15:29 | Acolyte |
| 15:29 | Acolyte |
| 15:57 | Obsidian Statue |
| 15:58 | Meat Wagon |
| 15:59 | Meat Wagon |
| 16:04 | Acolyte |
| 17:14 | Freezing Breath |
| 17:15 | Meat Wagon |
| 18:00 | Spirit Tower |
| 18:19 | Frost Wyrm |
| 18:20 | Frost Wyrm |
| 18:25 | Acolyte |
| 18:43 | Meat Wagon |
| 18:56 | Advanced Unholy Strength |
| 20:12 | Frost Wyrm |
| 21:30 | Gargoyle |
| 21:30 | Gargoyle |
| 21:30 | Gargoyle |
| 21:31 | Gargoyle |
| 21:31 | Gargoyle |
| 21:31 | Gargoyle |
| 21:34 | Spirit Tower |
| 23:08 | Ghoul |
| 23:08 | Ghoul |
| 23:08 | Ghoul |
| 23:08 | Ghoul |
| 23:08 | Ghoul |
| 23:08 | Ghoul |
| 23:12 | Unholy Armor |
| Right click | 871 |
| Select | 207 |
| Build/train/purchase | 77 |
| Select group | 43 |
| Assign group | 12 |
| Use ability | 10 |
| Misc. action | 1 |


| Healing Salve | 4 | 400 |
| Lesser Clarity Potion | 3 | 210 |
| Orb of Lightning | 1 | 375 |
| Scroll of Town Portal | 1 | 350 |
| Boots of Speed | 1 | 250 |
| total: | 10 | 1585g |
| Peon | 13 | 975 | / | 0 |
| Troll Headhunter | 9 | 1260 | / | 180 |
| Troll Witch Doctor | 2 | 290 | / | 50 |
| Shaman | 4 | 520 | / | 80 |
| total: | 28 | 3045g | / | 310w |
| Watch Tower | 26 | 2860 | / | 2080 |
| Orc Burrow | 7 | 1120 | / | 280 |
| War Mill | 1 | 205 | / | 0 |
| Barracks | 1 | 180 | / | 50 |
| Altar of Storms | 1 | 180 | / | 50 |
| Voodoo Lounge | 2 | 260 | / | 60 |
| Great Hall | 2 | 770 | / | 370 |
| Spirit Lodge | 2 | 300 | / | 300 |
| Stronghold | 1 | 315 | / | 190 |
| Fortress | 2 | 650 | / | 380 |
| total: | 42 | 5875g | / | 3190w |
| 0:02 | Peon |
| 0:08 | Orc Burrow |
| 0:18 | Peon |
| 0:28 | Peon |
| 0:35 | Peon |
| 0:52 | War Mill |
| 0:58 | Peon |
| 1:08 | Barracks |
| 1:12 | Altar of Storms |
| 1:19 | Peon |
| 1:27 | Peon |
| 1:42 | Orc Burrow |
| 1:58 | Peon |
| 2:00 | Peon |
| 2:13 | Troll Headhunter |
| 2:30 | Orc Burrow |
| 2:36 | Troll Headhunter |
| 2:41 | Peon |
| 2:54 | Voodoo Lounge |
| 3:07 | Troll Headhunter |
| 3:26 | Shockwave |
| 4:00 | Stronghold |
| 4:08 | Steel Ranged Weapons |
| 4:11 | Troll Headhunter |
| 4:17 | Orc Burrow |
| 4:35 | Troll Headhunter |
| 5:12 | Boots of Speed |
| 5:36 | Endurance Aura |
| 5:52 | Steel Armor |
| 6:03 | Healing Salve |
| 6:04 | Lesser Clarity Potion |
| 6:14 | Healing Salve |
| 6:30 | Spirit Lodge |
| 6:32 | Spirit Lodge |
| 7:03 | Endurance Aura |
| 7:27 | Watch Tower |
| 7:28 | Watch Tower |
| 7:30 | Watch Tower |
| 7:31 | Watch Tower |
| 7:59 | Thorium Ranged Weapons |
| 8:03 | Troll Regeneration |
| 8:04 | Troll Headhunter |
| 9:08 | Healing Salve |
| 9:09 | Healing Salve |
| 9:18 | Watch Tower |
| 9:19 | Watch Tower |
| 9:21 | Watch Tower |
| 9:28 | Watch Tower |
| 9:31 | Reinforced Defenses |
| 9:32 | Spiked Barricades |
| 9:39 | Peon |
| 9:40 | Peon |
| 9:45 | Orc Burrow |
| 9:48 | Orc Burrow |
| 9:58 | Hex |
| 11:01 | Shaman Adept Training |
| 11:01 | Witch Doctor Adept Training |
| 11:47 | Troll Headhunter |
| 11:47 | Troll Headhunter |
| 11:48 | Troll Headhunter |
| 14:22 | Great Hall |
| 14:25 | Watch Tower |
| 14:26 | Watch Tower |
| 14:27 | Watch Tower |
| 14:27 | Watch Tower |
| 14:33 | Healing Wave |
| 14:51 | Fortress |
| 14:52 | Troll Witch Doctor |
| 14:52 | Troll Witch Doctor |
| 14:53 | Shaman |
| 15:01 | Orc Burrow |
| 16:14 | Great Hall |
| 16:18 | Watch Tower |
| 16:18 | Watch Tower |
| 16:19 | Watch Tower |
| 16:20 | Watch Tower |
| 16:20 | Watch Tower |
| 16:21 | Watch Tower |
| 16:22 | Watch Tower |
| 16:23 | Watch Tower |
| 16:31 | Voodoo Lounge |
| 17:21 | Shockwave |
| 18:17 | Watch Tower |
| 18:18 | Watch Tower |
| 18:19 | Watch Tower |
| 18:19 | Watch Tower |
| 18:20 | Watch Tower |
| 18:29 | Watch Tower |
| 20:29 | Shaman Master Training |
| 20:29 | Witch Doctor Master Training |
| 21:22 | Peon |
| 21:45 | Arcanite Ranged Weapons |
| 21:46 | Thorium Armor |
| 21:48 | Shaman |
| 21:48 | Shaman |
| 21:49 | Shaman |
| 22:42 | Lesser Clarity Potion |
| 22:43 | Orb of Lightning |
| 22:50 | Scroll of Town Portal |
| 22:55 | Lesser Clarity Potion |
| Right click | 681 |
| Select | 213 |
| Select group | 95 |
| Build/train/purchase | 64 |
| Use ability | 58 |
| Misc. action | 27 |
| Assign group | 14 |
| Minimap ping | 7 |
| Chat | 6 |
| Esc | 1 |


| Rod of Necromancy | 2 | 300 |
| total: | 2 | 300g |
| Acolyte | 8 | 600 | / | 0 |
| Ghoul | 26 | 3120 | / | 0 |
| Crypt Fiend | 2 | 430 | / | 80 |
| Necromancer | 15 | 2175 | / | 300 |
| Meat Wagon | 5 | 1150 | / | 250 |
| total: | 56 | 7475g | / | 630w |
| Spirit Tower | 4 | 580 | / | 160 |
| Crypt | 1 | 200 | / | 50 |
| Altar of Darkness | 1 | 180 | / | 50 |
| Ziggurat | 11 | 1650 | / | 550 |
| Tomb of Relics | 1 | 130 | / | 30 |
| Graveyard | 1 | 215 | / | 0 |
| Temple of the Damned | 2 | 310 | / | 280 |
| Slaughterhouse | 2 | 280 | / | 270 |
| Sacrificial Pit | 1 | 75 | / | 150 |
| Halls of the Dead | 1 | 320 | / | 210 |
| Black Citadel | 1 | 325 | / | 230 |
| total: | 20 | 3040g | / | 1380w |
| 0:15 | Crypt |
| 0:22 | Altar of Darkness |
| 0:31 | Ziggurat |
| 0:34 | Ziggurat |
| 0:36 | Acolyte |
| 1:10 | Tomb of Relics |
| 1:16 | Acolyte |
| 1:33 | Ghoul |
| 1:34 | Ghoul |
| 2:02 | Graveyard |
| 2:12 | Ghoul |
| 2:12 | Ghoul |
| 2:30 | Rod of Necromancy |
| 2:56 | Death Coil |
| 4:06 | Halls of the Dead |
| 4:28 | Unholy Aura |
| 5:08 | Ghoul |
| 5:08 | Ghoul |
| 5:08 | Ghoul |
| 5:09 | Crypt Fiend |
| 5:10 | Crypt Fiend |
| 5:11 | Spirit Tower |
| 5:15 | Ziggurat |
| 5:21 | Ghoul |
| 5:57 | Ghoul |
| 5:58 | Ghoul |
| 6:29 | Temple of the Damned |
| 6:39 | Ziggurat |
| 6:50 | Unholy Strength |
| 7:03 | Rod of Necromancy |
| 7:16 | Ghoul |
| 7:16 | Ghoul |
| 7:17 | Ghoul |
| 7:39 | Necromancer |
| 7:39 | Necromancer |
| 7:40 | Necromancer Adept Training |
| 7:50 | Ziggurat |
| 8:58 | Death Pact |
| 9:34 | Ghoul |
| 9:35 | Ghoul |
| 9:35 | Ghoul |
| 9:36 | Necromancer |
| 9:36 | Necromancer |
| 9:37 | Black Citadel |
| 11:01 | Ziggurat |
| 11:06 | Ziggurat |
| 11:23 | Ziggurat |
| 12:04 | Black Arrow |
| 14:12 | Acolyte |
| 14:15 | Acolyte |
| 14:15 | Acolyte |
| 14:15 | Acolyte |
| 14:16 | Acolyte |
| 14:19 | Ghoul |
| 14:20 | Ghoul |
| 14:20 | Cannibalize |
| 14:22 | Improved Unholy Strength |
| 14:24 | Spirit Tower |
| 14:24 | Spirit Tower |
| 14:29 | Necromancer |
| 15:15 | Slaughterhouse |
| 15:28 | Acolyte |
| 15:34 | Sacrificial Pit |
| 15:47 | Skeletal Mastery |
| 15:47 | Necromancer Master Training |
| 15:49 | Ghoul Frenzy |
| 15:51 | Ghoul |
| 15:52 | Ghoul |
| 15:52 | Ghoul |
| 16:16 | Necromancer |
| 16:16 | Necromancer |
| 16:16 | Necromancer |
| 16:24 | Ghoul |
| 16:25 | Ghoul |
| 17:54 | Ziggurat |
| 17:55 | Ziggurat |
| 17:56 | Ziggurat |
| 18:08 | Exhume Corpses |
| 18:09 | Meat Wagon |
| 18:20 | Meat Wagon |
| 18:21 | Meat Wagon |
| 18:21 | Meat Wagon |
| 18:21 | Meat Wagon |
| 22:38 | Ghoul |
| 22:38 | Ghoul |
| 22:38 | Ghoul |
| 22:44 | Necromancer |
| 22:45 | Necromancer |
| 22:45 | Necromancer |
| 22:45 | Necromancer |
| 22:45 | Necromancer |
| 22:45 | Necromancer |
| 22:45 | Necromancer |
| 23:08 | Spirit Tower |
| 23:18 | Temple of the Damned |
| 23:24 | Slaughterhouse |
| 23:28 | Disease Cloud |
| Right click | 1199 |
| Select | 313 |
| Select group | 118 |
| Build/train/purchase | 98 |
| Misc. action | 83 |
| Use ability | 12 |
| Assign group | 4 |
| Remove unit | 1 |


| Orb of Fire | 1 | 325 |
| total: | 1 | 325g |
| Peasant | 12 | 900 | / | 0 |
| Footman | 5 | 675 | / | 0 |
| Rifleman | 13 | 2665 | / | 390 |
| Priest | 8 | 1080 | / | 80 |
| Spell Breaker | 6 | 1290 | / | 180 |
| Dragonhawk Rider | 1 | 200 | / | 30 |
| Gryphon Rider | 4 | 1120 | / | 280 |
| Sorceress | 1 | 155 | / | 20 |
| total: | 50 | 8085g | / | 980w |
| Scout Tower | 9 | 270 | / | 180 |
| Guard Tower | 7 | 490 | / | 350 |
| Arcane Tower | 2 | 140 | / | 100 |
| Barracks | 1 | 160 | / | 60 |
| Farm | 11 | 880 | / | 220 |
| Altar of Kings | 1 | 180 | / | 50 |
| Blacksmith | 1 | 140 | / | 60 |
| Lumber Mill | 1 | 120 | / | 0 |
| Arcane Vault | 1 | 130 | / | 30 |
| Town Hall | 1 | 385 | / | 205 |
| Arcane Sanctum | 2 | 300 | / | 280 |
| Gryphon Aviary | 1 | 140 | / | 150 |
| Keep | 1 | 320 | / | 210 |
| Castle | 1 | 360 | / | 210 |
| total: | 29 | 2705g | / | 1235w |
| 0:13 | Barracks |
| 0:21 | Farm |
| 0:24 | Peasant |
| 0:24 | Peasant |
| 0:24 | Peasant |
| 0:25 | Peasant |
| 0:25 | Peasant |
| 1:02 | Peasant |
| 1:02 | Peasant |
| 1:15 | Altar of Kings |
| 1:30 | Farm |
| 1:49 | Peasant |
| 1:54 | Footman |
| 2:09 | Farm |
| 2:24 | Footman |
| 2:47 | Blacksmith |
| 3:01 | Farm |
| 3:06 | Footman |
| 3:06 | Footman |
| 3:20 | Peasant |
| 3:41 | Holy Light |
| 3:47 | Footman |
| 4:01 | Lumber Mill |
| 4:13 | Iron Forged Swords |
| 5:12 | Rifleman |
| 5:12 | Rifleman |
| 5:16 | Black Gunpowder |
| 5:22 | Farm |
| 6:17 | Keep |
| 6:27 | Arcane Vault |
| 6:32 | Farm |
| 6:40 | Devotion Aura |
| 7:55 | Rifleman |
| 7:56 | Rifleman |
| 7:58 | Studded Leather Armor |
| 8:10 | Farm |
| 8:24 | Rifleman |
| 8:43 | Scout Tower |
| 9:11 | Rifleman |
| 9:12 | Long Rifles |
| 9:38 | Guard Tower |
| 9:48 | Arcane Sanctum |
| 9:52 | Farm |
| 10:21 | Rifleman |
| 10:21 | Rifleman |
| 10:26 | Refined Gunpowder |
| 10:59 | Divine Shield |
| 11:15 | Town Hall |
| 11:29 | Scout Tower |
| 11:29 | Scout Tower |
| 11:30 | Scout Tower |
| 11:31 | Scout Tower |
| 11:50 | Priest Adept Training |
| 11:51 | Priest |
| 11:52 | Priest |
| 13:03 | Scout Tower |
| 13:04 | Scout Tower |
| 13:05 | Scout Tower |
| 13:08 | Priest |
| 13:11 | Rifleman |
| 13:12 | Rifleman |
| 14:10 | Reinforced Leather Armor |
| 14:13 | Improved Lumber Harvesting |
| 14:24 | Guard Tower |
| 15:07 | Magic Sentry |
| 15:08 | Control Magic |
| 15:09 | Spell Breaker |
| 15:09 | Spell Breaker |
| 15:09 | Spell Breaker |
| 15:09 | Spell Breaker |
| 15:19 | Peasant |
| 15:19 | Peasant |
| 15:19 | Peasant |
| 15:32 | Guard Tower |
| 15:33 | Guard Tower |
| 15:40 | Farm |
| 16:01 | Rifleman |
| 16:08 | Sorceress Adept Training |
| 16:16 | Gryphon Aviary |
| 17:34 | Spell Breaker |
| 17:35 | Priest |
| 17:38 | Castle |
| 18:21 | Farm |
| 18:23 | Rifleman |
| 18:24 | Rifleman |
| 18:28 | Dragonhawk Rider |
| 18:34 | Summon Water Elemental |
| 18:47 | Arcane Sanctum |
| 19:06 | Spell Breaker |
| 19:07 | Priest |
| 19:07 | Priest |
| 19:15 | Iron Plating |
| 19:23 | Farm |
| 19:30 | Scout Tower |
| 20:46 | Storm Hammers |
| 20:47 | Gryphon Rider |
| 20:47 | Gryphon Rider |
| 20:48 | Gryphon Rider |
| 21:01 | Advanced Lumber Harvesting |
| 22:01 | Priest Master Training |
| 22:03 | Sorceress Master Training |
| 22:43 | Arcane Tower |
| 23:11 | Gryphon Rider |
| 23:19 | Sorceress |
| 23:20 | Priest |
| 23:20 | Priest |
| 23:53 | Orb of Fire |
| Right click | 622 |
| Select | 201 |
| Build/train/purchase | 86 |
| Use ability | 16 |
| Minimap ping | 7 |
| Assign group | 6 |
| Select group | 1 |
85 units @ 7.2k
/ 0.3k
258 buildings @ 15.2k
/ 8.2k



x1)
| Lesser Clarity Potion | 2 | 140 |
| Potion of Mana | 1 | 200 |
| Staff of Sanctuary | 3 | 750 |
| Scroll of Town Portal | 1 | 350 |
| Staff of Teleportation | 3 | 450 |
| Boots of Speed | 3 | 750 |
| Tome of Retraining | 1 | 300 |
| Healing Salve | 2 | 200 |
| Orb of Lightning | 2 | 750 |
| total: | 18 | 3890g |
| Peasant | 20 | 1500 | / | 0 |
| Priest | 1 | 135 | / | 10 |
| total: | 21 | 1635g | / | 10w |
| Scout Tower | 72 | 2160 | / | 1440 |
| Arcane Tower | 9 | 630 | / | 450 |
| Guard Tower | 44 | 3080 | / | 2200 |
| Altar of Kings | 1 | 180 | / | 50 |
| Farm | 5 | 400 | / | 100 |
| Lumber Mill | 1 | 120 | / | 0 |
| Town Hall | 1 | 385 | / | 205 |
| Arcane Vault | 3 | 390 | / | 90 |
| Barracks | 1 | 160 | / | 60 |
| Blacksmith | 1 | 140 | / | 60 |
| Arcane Sanctum | 1 | 150 | / | 140 |
| Gryphon Aviary | 1 | 140 | / | 150 |
| Keep | 2 | 640 | / | 420 |
| Castle | 2 | 720 | / | 420 |
| total: | 87 | 4225g | / | 2295w |
| 0:03 | Peasant |
| 0:03 | Peasant |
| 0:07 | Peasant |
| 0:20 | Altar of Kings |
| 0:37 | Farm |
| 0:47 | Peasant |
| 0:49 | Lumber Mill |
| 0:52 | Scout Tower |
| 0:54 | Farm |
| 1:05 | Peasant |
| 1:12 | Scout Tower |
| 1:13 | Peasant |
| 1:25 | Peasant |
| 1:37 | Peasant |
| 1:40 | Scout Tower |
| 1:46 | Peasant |
| 1:50 | Arcane Tower |
| 1:52 | Scout Tower |
| 1:54 | Peasant |
| 2:07 | Peasant |
| 2:11 | Scout Tower |
| 2:18 | Summon Water Elemental |
| 2:18 | Guard Tower |
| 2:23 | Guard Tower |
| 2:29 | Scout Tower |
| 2:36 | Peasant |
| 2:38 | Peasant |
| 3:11 | Peasant |
| 3:18 | Guard Tower |
| 3:45 | Scout Tower |
| 3:46 | Scout Tower |
| 3:46 | Scout Tower |
| 3:47 | Scout Tower |
| 3:47 | Scout Tower |
| 3:48 | Scout Tower |
| 3:48 | Scout Tower |
| 3:48 | Scout Tower |
| 3:52 | Peasant |
| 4:08 | Staff of Teleportation |
| 4:08 | Boots of Speed |
| 4:13 | Guard Tower |
| 4:22 | Guard Tower |
| 4:22 | Guard Tower |
| 4:44 | Keep |
| 4:46 | Scout Tower |
| 4:58 | Brilliance Aura |
| 5:05 | Guard Tower |
| 5:06 | Guard Tower |
| 5:06 | Guard Tower |
| 5:21 | Guard Tower |
| 5:21 | Guard Tower |
| 5:24 | Farm |
| 5:45 | Scout Tower |
| 5:46 | Scout Tower |
| 5:46 | Scout Tower |
| 5:47 | Scout Tower |
| 5:47 | Scout Tower |
| 5:50 | Scout Tower |
| 5:50 | Scout Tower |
| 5:51 | Scout Tower |
| 5:51 | Scout Tower |
| 6:22 | Guard Tower |
| 6:27 | Town Hall |
| 6:44 | Guard Tower |
| 6:45 | Scout Tower |
| 6:45 | Scout Tower |
| 6:46 | Scout Tower |
| 6:48 | Scout Tower |
| 6:49 | Scout Tower |
| 6:49 | Scout Tower |
| 7:55 | Guard Tower |
| 8:09 | Castle |
| 8:13 | Peasant |
| 8:38 | Storm Bolt |
| 8:40 | Guard Tower |
| 8:40 | Guard Tower |
| 9:16 | Guard Tower |
| 9:43 | Scout Tower |
| 9:43 | Scout Tower |
| 9:44 | Scout Tower |
| 9:44 | Scout Tower |
| 9:45 | Scout Tower |
| 9:45 | Scout Tower |
| 9:45 | Scout Tower |
| 9:47 | Scout Tower |
| 10:02 | Summon Water Elemental |
| 10:27 | Arcane Tower |
| 10:34 | Healing Salve |
| 10:35 | Orb of Lightning |
| 10:41 | Guard Tower |
| 10:44 | Lesser Clarity Potion |
| 10:49 | Scroll of Town Portal |
| 10:56 | Scout Tower |
| 10:57 | Scout Tower |
| 10:58 | Scout Tower |
| 10:59 | Scout Tower |
| 11:00 | Scout Tower |
| 11:00 | Scout Tower |
| 11:02 | Guard Tower |
| 11:06 | Peasant |
| 11:06 | Peasant |
| 11:06 | Peasant |
| 11:09 | Improved Lumber Harvesting |
| 11:10 | Improved Masonry |
| 11:10 | Advanced Masonry |
| 11:12 | Advanced Lumber Harvesting |
| 11:35 | Holy Light |
| 12:03 | Arcane Sanctum |
| 12:10 | Guard Tower |
| 12:12 | Imbued Masonry |
| 12:18 | Guard Tower |
| 12:27 | Arcane Tower |
| 12:54 | Guard Tower |
| 12:55 | Arcane Tower |
| 12:55 | Guard Tower |
| 13:17 | Guard Tower |
| 13:18 | Scout Tower |
| 13:19 | Scout Tower |
| 13:19 | Scout Tower |
| 13:20 | Scout Tower |
| 13:21 | Scout Tower |
| 13:26 | Peasant |
| 13:42 | Bash |
| 13:47 | Arcane Vault |
| 13:53 | Guard Tower |
| 14:01 | Guard Tower |
| 14:03 | Scout Tower |
| 14:04 | Scout Tower |
| 14:10 | Arcane Vault |
| 14:18 | Boots of Speed |
| 14:18 | Staff of Teleportation |
| 14:23 | Guard Tower |
| 14:50 | Orb of Lightning |
| 14:51 | Healing Salve |
| 14:53 | Lesser Clarity Potion |
| 14:53 | Potion of Mana |
| 15:11 | Guard Tower |
| 15:12 | Scout Tower |
| 15:13 | Scout Tower |
| 15:15 | Staff of Sanctuary |
| 15:31 | Scout Tower |
| 16:06 | Guard Tower |
| 16:13 | Staff of Sanctuary |
| 17:00 | Guard Tower |
| 17:02 | Scout Tower |
| 17:02 | Scout Tower |
| 17:02 | Scout Tower |
| 17:03 | Scout Tower |
| 17:03 | Scout Tower |
| 17:04 | Scout Tower |
| 17:08 | Tome of Retraining |
| 17:08 | Retrain Hero |
| 17:13 | Arcane Vault |
| 17:20 | Blizzard |
| 17:20 | Brilliance Aura |
| 17:20 | Blizzard |
| 17:41 | Staff of Sanctuary |
| 17:58 | Divine Shield |
| 18:11 | Scout Tower |
| 18:14 | Scout Tower |
| 18:14 | Scout Tower |
| 18:15 | Scout Tower |
| 18:20 | Guard Tower |
| 18:20 | Guard Tower |
| 18:36 | Guard Tower |
| 18:39 | Scout Tower |
| 18:39 | Scout Tower |
| 18:41 | Scout Tower |
| 18:43 | Scout Tower |
| 18:45 | Guard Tower |
| 18:52 | Guard Tower |
| 18:52 | Arcane Tower |
| 18:56 | Magic Sentry |
| 18:57 | Priest |
| 19:06 | Scout Tower |
| 19:08 | Scout Tower |
| 19:11 | Arcane Tower |
| 19:30 | Guard Tower |
| 19:31 | Arcane Tower |
| 19:46 | Arcane Tower |
| 19:55 | Guard Tower |
| 20:02 | Gryphon Aviary |
| 20:04 | Barracks |
| 20:06 | Blacksmith |
| 21:17 | Guard Tower |
| 21:30 | Brilliance Aura |
| 21:31 | Storm Bolt |
| 21:33 | Boots of Speed |
| 21:33 | Staff of Teleportation |
| 22:58 | Holy Light |
| 23:05 | Scout Tower |
| 23:05 | Scout Tower |
| 23:26 | Farm |
| 23:27 | Farm |
| 23:27 | Priest Adept Training |
| 23:29 | Sorceress Adept Training |
| 23:53 | Arcane Tower |
| Right click | 2078 |
| Select | 620 |
| Select group | 394 |
| Build/train/purchase | 162 |
| Use ability | 61 |
| Resource trade | 33 |
| Assign group | 25 |
| Chat | 13 |
| Minimap ping | 12 |
| Item give/drop | 3 |
| Remove unit | 1 |



| Orb of Lightning | 2 | 750 |
| Healing Salve | 1 | 100 |
| Scroll of Town Portal | 2 | 700 |
| Boots of Speed | 3 | 750 |
| Staff of Teleportation | 2 | 300 |
| Staff of Sanctuary | 1 | 250 |
| total: | 11 | 2850g |
| Peon | 21 | 1575 | / | 0 |
| Troll Batrider | 7 | 1120 | / | 280 |
| total: | 28 | 2695g | / | 280w |
| Watch Tower | 23 | 2530 | / | 1840 |
| Altar of Storms | 1 | 180 | / | 50 |
| Orc Burrow | 4 | 640 | / | 160 |
| War Mill | 1 | 205 | / | 0 |
| Voodoo Lounge | 4 | 520 | / | 120 |
| Beastiary | 2 | 290 | / | 280 |
| Stronghold | 1 | 315 | / | 190 |
| Fortress | 1 | 325 | / | 190 |
| total: | 35 | 4365g | / | 2450w |
| 0:03 | Peon |
| 0:03 | Peon |
| 0:05 | Altar of Storms |
| 0:18 | Orc Burrow |
| 0:20 | Peon |
| 0:33 | Peon |
| 0:49 | War Mill |
| 0:53 | Peon |
| 1:23 | Voodoo Lounge |
| 1:26 | Peon |
| 1:26 | Peon |
| 1:42 | Peon |
| 2:02 | Watch Tower |
| 2:04 | Watch Tower |
| 2:08 | Orc Burrow |
| 2:11 | Peon |
| 2:17 | Shockwave |
| 2:25 | Peon |
| 2:32 | Watch Tower |
| 2:40 | Peon |
| 2:47 | Voodoo Lounge |
| 3:05 | Peon |
| 3:07 | Watch Tower |
| 3:24 | Peon |
| 3:50 | Voodoo Lounge |
| 3:53 | Stronghold |
| 4:17 | Boots of Speed |
| 4:21 | Watch Tower |
| 4:52 | Watch Tower |
| 5:26 | Endurance Aura |
| 5:29 | Watch Tower |
| 6:03 | Watch Tower |
| 6:19 | Orc Burrow |
| 6:21 | Watch Tower |
| 6:34 | Watch Tower |
| 6:42 | Voodoo Lounge |
| 7:12 | Watch Tower |
| 7:14 | Hex |
| 7:27 | Fortress |
| 7:42 | Watch Tower |
| 8:17 | Watch Tower |
| 8:34 | Watch Tower |
| 8:47 | Watch Tower |
| 9:12 | Shockwave |
| 9:31 | Watch Tower |
| 9:34 | Reinforced Defenses |
| 9:47 | Watch Tower |
| 10:03 | Watch Tower |
| 10:35 | Scroll of Town Portal |
| 10:35 | Orb of Lightning |
| 10:39 | Watch Tower |
| 10:46 | Spiked Barricades |
| 10:50 | Watch Tower |
| 10:54 | Watch Tower |
| 11:07 | Healing Wave |
| 11:10 | Watch Tower |
| 11:52 | Beastiary |
| 11:53 | Beastiary |
| 12:20 | Improved Spiked Barricades |
| 13:04 | Peon |
| 13:04 | Peon |
| 13:04 | Peon |
| 13:05 | Liquid Fire |
| 13:06 | Troll Batrider |
| 13:21 | Watch Tower |
| 13:47 | Peon |
| 13:47 | Peon |
| 14:18 | Peon |
| 14:18 | Peon |
| 14:19 | Peon |
| 15:22 | Healing Wave |
| 15:26 | Troll Batrider |
| 15:28 | Orc Burrow |
| 15:50 | Boots of Speed |
| 15:50 | Staff of Teleportation |
| 16:05 | Orb of Lightning |
| 17:11 | Frost Arrows |
| 17:18 | Healing Salve |
| 17:25 | Troll Batrider |
| 17:53 | Endurance Aura |
| 18:14 | Troll Batrider |
| 18:17 | Steel Ranged Weapons |
| 18:17 | Steel Armor |
| 18:26 | Scroll of Town Portal |
| 18:48 | Staff of Sanctuary |
| 19:01 | Troll Batrider |
| 19:18 | Boots of Speed |
| 19:19 | Staff of Teleportation |
| 19:41 | Thorium Ranged Weapons |
| 22:10 | Forked Lightning |
| 22:31 | Troll Batrider |
| 22:31 | Troll Batrider |
| 22:49 | Hex |
| 23:57 | Arcanite Ranged Weapons |
| 23:57 | Thorium Armor |
| Right click | 1658 |
| Select group | 463 |
| Select | 432 |
| Misc. action | 148 |
| Build/train/purchase | 70 |
| Use ability | 61 |
| Minimap ping | 9 |
| Assign group | 8 |
| Esc | 3 |
| Item give/drop | 2 |
| Remove unit | 1 |



| Staff of Sanctuary | 3 | 750 |
| Staff of Teleportation | 3 | 450 |
| Boots of Speed | 3 | 750 |
| Periapt of Vitality | 2 | 650 |
| Healing Salve | 1 | 100 |
| Orb of Lightning | 2 | 750 |
| total: | 14 | 3450g |
| Peasant | 16 | 1200 | / | 0 |
| Priest | 1 | 135 | / | 10 |
| total: | 17 | 1335g | / | 10w |
| Scout Tower | 55 | 1650 | / | 1100 |
| Arcane Tower | 6 | 420 | / | 300 |
| Guard Tower | 16 | 1120 | / | 800 |
| Altar of Kings | 1 | 180 | / | 50 |
| Farm | 5 | 400 | / | 100 |
| Lumber Mill | 1 | 120 | / | 0 |
| Arcane Vault | 3 | 390 | / | 90 |
| Town Hall | 1 | 385 | / | 205 |
| Blacksmith | 1 | 140 | / | 60 |
| Barracks | 1 | 160 | / | 60 |
| Arcane Sanctum | 1 | 150 | / | 140 |
| Keep | 1 | 320 | / | 210 |
| Castle | 1 | 360 | / | 210 |
| total: | 69 | 3575g | / | 1805w |
| 0:03 | Peasant |
| 0:03 | Peasant |
| 0:08 | Altar of Kings |
| 0:11 | Farm |
| 0:24 | Peasant |
| 0:32 | Peasant |
| 0:39 | Lumber Mill |
| 0:45 | Peasant |
| 0:48 | Scout Tower |
| 0:53 | Farm |
| 1:07 | Peasant |
| 1:31 | Arcane Tower |
| 1:47 | Peasant |
| 1:49 | Scout Tower |
| 2:00 | Peasant |
| 2:04 | Peasant |
| 2:08 | Blizzard |
| 2:16 | Guard Tower |
| 2:23 | Scout Tower |
| 2:24 | Peasant |
| 2:28 | Peasant |
| 2:28 | Peasant |
| 2:50 | Peasant |
| 2:52 | Guard Tower |
| 2:53 | Scout Tower |
| 2:56 | Scout Tower |
| 3:06 | Peasant |
| 3:40 | Guard Tower |
| 3:48 | Keep |
| 3:50 | Guard Tower |
| 3:51 | Scout Tower |
| 3:53 | Farm |
| 3:53 | Farm |
| 3:55 | Improved Masonry |
| 3:59 | Scout Tower |
| 4:16 | Staff of Teleportation |
| 4:17 | Boots of Speed |
| 4:35 | Guard Tower |
| 5:12 | Brilliance Aura |
| 6:09 | Castle |
| 6:40 | Arcane Sanctum |
| 6:42 | Advanced Masonry |
| 6:43 | Scout Tower |
| 6:43 | Scout Tower |
| 6:44 | Scout Tower |
| 6:54 | Blizzard |
| 7:12 | Storm Bolt |
| 7:21 | Guard Tower |
| 7:25 | Staff of Teleportation |
| 7:25 | Boots of Speed |
| 8:14 | Guard Tower |
| 8:16 | Magic Sentry |
| 8:19 | Scout Tower |
| 8:20 | Scout Tower |
| 8:22 | Scout Tower |
| 8:22 | Scout Tower |
| 8:50 | Imbued Masonry |
| 8:54 | Arcane Tower |
| 8:55 | Guard Tower |
| 10:01 | Holy Light |
| 10:08 | Bash |
| 10:11 | Arcane Vault |
| 10:12 | Arcane Vault |
| 10:15 | Arcane Tower |
| 10:16 | Guard Tower |
| 10:37 | Healing Salve |
| 10:38 | Orb of Lightning |
| 10:51 | Boots of Speed |
| 10:59 | Scout Tower |
| 10:59 | Scout Tower |
| 11:01 | Scout Tower |
| 11:01 | Scout Tower |
| 11:01 | Scout Tower |
| 11:02 | Scout Tower |
| 11:04 | Scout Tower |
| 11:05 | Scout Tower |
| 11:06 | Scout Tower |
| 11:07 | Scout Tower |
| 11:30 | Brilliance Aura |
| 12:15 | Guard Tower |
| 12:27 | Arcane Vault |
| 12:38 | Staff of Sanctuary |
| 12:45 | Priest Adept Training |
| 12:46 | Arcane Tower |
| 12:51 | Orb of Lightning |
| 13:18 | Staff of Teleportation |
| 13:20 | Divine Shield |
| 13:39 | Periapt of Vitality |
| 14:18 | Staff of Sanctuary |
| 14:47 | Storm Bolt |
| 15:05 | Town Hall |
| 15:15 | Peasant |
| 15:15 | Peasant |
| 15:16 | Farm |
| 15:18 | Guard Tower |
| 15:39 | Staff of Sanctuary |
| 15:45 | Scout Tower |
| 15:46 | Scout Tower |
| 15:47 | Scout Tower |
| 15:48 | Scout Tower |
| 15:48 | Scout Tower |
| 15:49 | Scout Tower |
| 15:50 | Scout Tower |
| 15:50 | Scout Tower |
| 15:51 | Scout Tower |
| 15:52 | Scout Tower |
| 15:53 | Scout Tower |
| 15:53 | Scout Tower |
| 17:23 | Priest Master Training |
| 17:23 | Priest |
| 17:28 | Guard Tower |
| 17:31 | Scout Tower |
| 17:32 | Scout Tower |
| 17:32 | Scout Tower |
| 17:33 | Scout Tower |
| 17:34 | Scout Tower |
| 17:34 | Scout Tower |
| 18:10 | Arcane Tower |
| 18:12 | Guard Tower |
| 18:16 | Scout Tower |
| 18:17 | Scout Tower |
| 18:17 | Scout Tower |
| 18:18 | Scout Tower |
| 18:18 | Scout Tower |
| 18:21 | Scout Tower |
| 18:21 | Scout Tower |
| 18:21 | Scout Tower |
| 18:29 | Blacksmith |
| 18:31 | Barracks |
| 19:00 | Holy Light |
| 19:12 | Arcane Tower |
| 19:16 | Guard Tower |
| 19:34 | Periapt of Vitality |
| 19:38 | Guard Tower |
| 19:44 | Scout Tower |
| 19:44 | Scout Tower |
| 19:45 | Scout Tower |
| 19:45 | Scout Tower |
| 19:46 | Scout Tower |
| 21:46 | Brilliance Aura |
| 22:06 | Bash |
| 23:06 | Guard Tower |
| 24:05 | Devotion Aura |
| Right click | 1777 |
| Select group | 1594 |
| Select | 203 |
| Use ability | 123 |
| Misc. action | 105 |
| Build/train/purchase | 84 |
| Chat | 56 |
| Minimap ping | 24 |
| Assign group | 9 |
| Item give/drop | 6 |
| Resource trade | 6 |
iggythefisk
(24:18) : 


x1)
| Staff of Sanctuary | 3 | 750 |
| Orb of Fire | 2 | 650 |
| Scroll of Regeneration | 3 | 300 |
| Boots of Speed | 3 | 750 |
| Staff of Teleportation | 3 | 450 |
| Tome of Retraining | 1 | 300 |
| Periapt of Vitality | 1 | 325 |
| Circlet of Nobility | 1 | 175 |
| Orb of Lightning | 1 | 375 |
| total: | 18 | 4075g |
| Peasant | 18 | 1350 | / | 0 |
| Priest | 1 | 135 | / | 10 |
| total: | 19 | 1485g | / | 10w |
| Scout Tower | 58 | 1740 | / | 1160 |
| Arcane Tower | 9 | 630 | / | 450 |
| Guard Tower | 31 | 2170 | / | 1550 |
| Altar of Kings | 1 | 180 | / | 50 |
| Lumber Mill | 1 | 120 | / | 0 |
| Farm | 3 | 240 | / | 60 |
| Arcane Vault | 2 | 260 | / | 60 |
| Town Hall | 1 | 385 | / | 205 |
| Arcane Sanctum | 1 | 150 | / | 140 |
| Keep | 1 | 320 | / | 210 |
| Castle | 1 | 360 | / | 210 |
| total: | 67 | 3075g | / | 1675w |
| 0:01 | Peasant |
| 0:04 | Altar of Kings |
| 0:09 | Peasant |
| 0:21 | Lumber Mill |
| 0:27 | Farm |
| 0:29 | Farm |
| 0:33 | Peasant |
| 0:50 | Peasant |
| 0:51 | Peasant |
| 1:09 | Peasant |
| 1:15 | Peasant |
| 1:22 | Arcane Vault |
| 1:25 | Peasant |
| 1:38 | Scout Tower |
| 1:45 | Peasant |
| 1:47 | Improved Masonry |
| 2:04 | Summon Water Elemental |
| 2:23 | Peasant |
| 2:23 | Peasant |
| 2:24 | Peasant |
| 2:25 | Arcane Tower |
| 2:28 | Scout Tower |
| 2:45 | Peasant |
| 3:09 | Guard Tower |
| 3:46 | Peasant |
| 3:51 | Town Hall |
| 3:55 | Scout Tower |
| 3:55 | Scout Tower |
| 3:56 | Scout Tower |
| 3:57 | Scout Tower |
| 4:02 | Boots of Speed |
| 4:03 | Staff of Teleportation |
| 4:11 | Scout Tower |
| 4:12 | Scout Tower |
| 4:47 | Arcane Tower |
| 4:48 | Guard Tower |
| 4:51 | Guard Tower |
| 4:53 | Scout Tower |
| 4:53 | Scout Tower |
| 4:58 | Brilliance Aura |
| 5:06 | Scout Tower |
| 5:07 | Guard Tower |
| 5:46 | Keep |
| 5:49 | Scout Tower |
| 5:50 | Scout Tower |
| 6:00 | Scout Tower |
| 6:01 | Scout Tower |
| 6:03 | Guard Tower |
| 6:07 | Farm |
| 6:17 | Peasant |
| 6:18 | Peasant |
| 6:18 | Peasant |
| 6:39 | Guard Tower |
| 6:40 | Guard Tower |
| 6:41 | Scout Tower |
| 6:42 | Scout Tower |
| 6:42 | Scout Tower |
| 7:16 | Scout Tower |
| 7:16 | Scout Tower |
| 7:17 | Scout Tower |
| 7:18 | Guard Tower |
| 7:24 | Guard Tower |
| 7:26 | Scout Tower |
| 7:26 | Scout Tower |
| 7:45 | Guard Tower |
| 7:45 | Guard Tower |
| 8:12 | Improved Lumber Harvesting |
| 8:15 | Peasant |
| 8:25 | Guard Tower |
| 8:25 | Guard Tower |
| 8:41 | Guard Tower |
| 8:44 | Scout Tower |
| 8:45 | Scout Tower |
| 9:05 | Flame Strike |
| 9:23 | Boots of Speed |
| 9:23 | Staff of Teleportation |
| 9:44 | Summon Water Elemental |
| 10:00 | Guard Tower |
| 10:01 | Scout Tower |
| 10:02 | Scout Tower |
| 10:13 | Castle |
| 10:15 | Advanced Masonry |
| 10:16 | Arcane Sanctum |
| 10:18 | Guard Tower |
| 10:42 | Arcane Tower |
| 10:57 | Guard Tower |
| 10:59 | Scout Tower |
| 11:00 | Scout Tower |
| 11:06 | Scout Tower |
| 11:07 | Scout Tower |
| 11:07 | Scout Tower |
| 11:08 | Scout Tower |
| 11:10 | Arcane Vault |
| 11:17 | Scout Tower |
| 11:17 | Scout Tower |
| 11:56 | Siphon Mana |
| 12:10 | Guard Tower |
| 12:11 | Scout Tower |
| 12:11 | Scout Tower |
| 12:15 | Arcane Tower |
| 12:16 | Arcane Tower |
| 12:35 | Cluster Rockets |
| 12:53 | Magic Sentry |
| 12:53 | Priest |
| 12:55 | Arcane Tower |
| 12:55 | Guard Tower |
| 12:59 | Scout Tower |
| 13:00 | Scout Tower |
| 13:02 | Scout Tower |
| 13:02 | Scout Tower |
| 13:03 | Scout Tower |
| 13:03 | Scout Tower |
| 13:14 | Guard Tower |
| 13:15 | Scout Tower |
| 13:16 | Scout Tower |
| 13:34 | Guard Tower |
| 13:54 | Priest Adept Training |
| 13:54 | Sorceress Adept Training |
| 14:20 | Boots of Speed |
| 14:31 | Guard Tower |
| 14:34 | Scout Tower |
| 14:36 | Scout Tower |
| 14:37 | Scout Tower |
| 14:39 | Brilliance Aura |
| 14:46 | Engineering Upgrade |
| 14:48 | Tome of Retraining |
| 14:48 | Retrain Hero |
| 14:50 | Blizzard |
| 14:51 | Brilliance Aura |
| 14:51 | Brilliance Aura |
| 14:57 | Imbued Masonry |
| 14:57 | Advanced Lumber Harvesting |
| 15:35 | Flame Strike |
| 15:53 | Guard Tower |
| 15:55 | Scout Tower |
| 15:55 | Scout Tower |
| 16:07 | Staff of Sanctuary |
| 16:07 | Orb of Fire |
| 16:19 | Orb of Fire |
| 16:19 | Staff of Sanctuary |
| 16:31 | Scroll of Regeneration |
| 16:41 | Arcane Tower |
| 16:42 | Guard Tower |
| 16:43 | Scout Tower |
| 16:45 | Scout Tower |
| 16:46 | Scout Tower |
| 16:51 | Arcane Tower |
| 17:02 | Guard Tower |
| 17:04 | Scout Tower |
| 17:05 | Scout Tower |
| 17:26 | Orb of Lightning |
| 18:20 | Guard Tower |
| 19:01 | Cluster Rockets |
| 19:13 | Scout Tower |
| 19:13 | Scout Tower |
| 19:14 | Scout Tower |
| 19:22 | Guard Tower |
| 20:24 | Staff of Teleportation |
| 21:14 | Arcane Tower |
| 21:14 | Guard Tower |
| 21:15 | Guard Tower |
| 21:37 | Siphon Mana |
| 21:52 | Scroll of Regeneration |
| 21:58 | Scroll of Regeneration |
| 23:27 | Periapt of Vitality |
| 23:36 | Circlet of Nobility |
| 23:47 | Staff of Sanctuary |
| Right click | 1270 |
| Select group | 770 |
| Select | 396 |
| Assign group | 248 |
| Build/train/purchase | 154 |
| Use ability | 65 |
| Misc. action | 36 |
| Resource trade | 12 |
| Item give/drop | 8 |
| Chat | 7 |
| Minimap ping | 1 |